 Dungeon Crawl Stone Soup version 0.27-a0-1188-g73eefd5def (webtiles) character file.

Game seed: 5484958430829095947

116 leviel the Magician (level 5, -11/35 HPs)
             Began as a Djinni Air Elementalist on May 21, 2021.
             Mangled by an ice beast (21 damage)
             ... on level 3 of the Dungeon.
             The game lasted 00:03:50 (3481 turns).

leviel the Magician (Djinni Air Elementalist)       Turns: 3481, Time: 00:03:51

Health: -11/35     AC:  3    Str:  7    XL:     5   Next: 21%
Gold:   98         EV: 12    Int: 18    God:
                   SH:  0    Dex: 13

rFire    + + .     SeeInvis .   h - +4 dagger
rCold    x . .     Faith    .   (no shield)
rNeg     . . .     Spirit   .   a - +0 robe
rPois    ∞         Reflect  .   (no helmet)
rElec    .         Harm     .   (no cloak)
rCorr    .         Rampage  .   b - +0 pair of gloves
Will     .....                  (boots unavailable)
Stlth    ++........             (no amulet)
HPRegen  0.11/turn              (no ring)
MPRegen  0.00/turn              (no ring)

@: flying, very slightly contaminated
A: sickness immunity, fire resistance 2, cold vulnerability 1, float, innate
caster, hp casting, extra vitality 1
a: no special abilities


You were on level 3 of the Dungeon.
You visited 1 branch of the dungeon, and saw 3 of its levels.

You collected 98 gold pieces.

Inventory:

Hand Weapons
 h - a +4 dagger (weapon)
Armour
 a - a +0 robe (worn)
 b - a +0 pair of gloves (worn)
Wands
 l - a wand of acid (5)
Scrolls
 f - a scroll of enchant armour {unknown}
 g - 2 scrolls of noise {unknown}
 j - a scroll of immolation {unknown}
 k - a scroll of identify {unknown}
Potions
 c - a potion of degeneration {unknown}
 d - a potion of lignification {unknown}
 e - a potion of curing {unknown}
 i - a potion of brilliance {unknown}
 m - a potion of berserk rage {unknown}


   Skills:
 + Level 0.1 Fighting
 + Level 0.3 Short Blades
 + Level 2.8 Dodging
 - Level 1.7 Stealth
 + Level 4.0 Spellcasting


You couldn't memorise any spells.
You knew the following spells:

 Your Spells              Type           Power      Damage    Failure   Level
a - Shock                 Conj/Air       72%        1d7       2%          1
b - Static Discharge      Conj/Air       18%        N/A       4%          2
c - Swiftness             Air            18%        N/A       9%          3
d - Airstrike             Air            9%         N/A       28%         4
e - Lightning Bolt        Conj/Air       9%         1d21      61%         5
f - Foxfire               Conj/Fire      72%        2x1d7     2%          1
g - Passwall              Tmut/Erth      15%        N/A       4%          2
Your spell library was empty.

Dungeon Overview and Level Annotations

Branches:
Dungeon (3/15)

Altars:


Innate Abilities, Weirdness & Mutations

You are immune to sickness and miasma.
You are immune to poison.
Your flesh is very heat resistant. (rF++)
You are vulnerable to cold. (rC-)
You float through the air rather than walking.
You learn spells naturally, not from books.
Your magical power is your life essence.
You have superior vitality. (+4 HP)


Message History

The adder is heavily wounded.
The adder hisses angrily.
The zap misses the adder.
The zap hits the adder!
You kill the adder!
Your Spellcasting skill increases to level 4!
Things that are here:
a +0 club; a goblin corpse An ice beast comes into view.
The zap hits the ice beast.
The ice beast is lightly wounded.
You hear an angry hiss.
The zap hits the ice beast.
The ice beast is moderately wounded.
The zap hits the ice beast but does no damage.
The ice beast is moderately wounded.
A ball python comes into view.
The zap misses the ice beast.
The ball python hisses angrily.
Casting: Shock (safe; 2% risk of failure)
Confirm with . or Enter, or press ? or * to list all spells.
The spell is extremely dangerous to cast (28% risk of failure)!
Continue anyway?
Aiming: Airstrike (extremely dangerous; 28% risk of failure)
Press: ? - help, Dir - move target, f/p - ice beast
Aim: an ice beast (moderately wounded)
You miscast Airstrike.
You are very lightly contaminated with residual magic.
Nothing appears to happen.
Casting: Airstrike (extremely dangerous; 28% risk of failure)
Confirm with . or Enter, or press ? or * to list all spells.
The spell is extremely dangerous to cast (28% risk of failure)!
Continue anyway?
Aiming: Airstrike (extremely dangerous; 28% risk of failure)
Press: ? - help, Dir - move target, f/p - ice beast
Aim: an ice beast (moderately wounded)
You miscast Airstrike.
The wind whips around you! The ice beast hits you.
* * * LOW HITPOINT WARNING * * *
The ice beast freezes you!!
You feel a terrible chill!
Ouch! That really hurt!
You die...

.. #.# $.... #.##.# #..#
#....## #S.# #####.....##
#Y.# ...#.......## #..#
#.........#####..#
#....S...........##.#
#....Y....###.##)....
#...#..@..(.## #.##..... #
##.....## #.##..... #
##....# #........
#>##.#####.#.#######......
#.....[<[...)........#....
#########.##########. ....
#>.. .. #... #####


You could see an ice beast and a ball python.

Vanquished Creatures
  An orc priest (D:2)
  3 adders
  A worm (D:2)
  4 orcs
  3 ball pythons
  2 endoplasms (D:1)
  2 giant cockroaches
  8 goblins
  5 hobgoblins
  2 jackals (D:2)
  3 quokkas
  3 bats
  3 frilled lizards
  8 kobolds
  3 rats
51 creatures vanquished.

Vanquished Creatures (others)
  A plant (D:1)
  2 withered plants (D:1)
3 creatures vanquished.

Grand Total: 54 creatures vanquished

Notes
Turn   | Place    | Note
-------+----------+-------------------------------------------
     0 | D:1      | leviel the Djinni Air Elementalist began the quest for the
                  | Orb.
     0 | D:1      | Reached XP level 1. HP: 15/15 MP: 0/0
   316 | D:1      | Reached XP level 2. HP: 13/21 MP: 0/0
   443 | D:1      | Found a faded altar of an unknown god.
   886 | D:1      | Reached XP level 3. HP: 22/25 MP: 0/0
   886 | D:1      | Learned a level 1 spell: Foxfire
   925 | D:1      | Reached skill level 3 in Spellcasting
  1755 | D:2      | Reached XP level 4. HP: 25/31 MP: 0/0
  2874 | D:2      | Reached XP level 5. HP: 15/35 MP: 0/0
  2874 | D:2      | Learned a level 2 spell: Passwall
  3432 | D:3      | Reached skill level 4 in Spellcasting
  3460 | D:3      | Noticed an ice beast
  3481 | D:3      | Mangled by an ice beast

Illustrated notes

Levels and vault maps discovered:
D:1:      heliophobic_arrival_glass_houses, layout_basic,
          shapermc_ecumenical_altar_flowoftime
D:2:      minmay_spotlight, layout_basic, serial_co_window_serial,
          co_window_paths_b, co_window_cross_1, co_window_corner_a,
          co_window_corner_a, co_window_paths_a, co_window_corner_a,
          co_window_unsneaky_path_d, co_window_broadway_b, co_window_corner_b,
          glass_columns_a, glass_columns_c
D:3:      layout_loops_ring, overflow_temple_1_default, serial_glass,
          glass_columns_a, glass_columns_a, gammafunk_ghost_abyssal_escape,
          nrook_loot_triangle

Skill      XL: |  1  2  3  4  5 |
---------------+----------------+-----
Spellcasting   | 3 4 |  4.0
Fighting       | |  0.1
Short Blades   | |  0.3
Dodging        | |  2.8
Stealth        | |  1.7

Action                   |  1- 3 |  4- 6 || total
-------------------------+-------+-------++-------
Melee: Unarmed           |     5 |       ||     5
       Dagger            |       |    12 ||    12
 Cast: Shock             |    58 |    51 ||   109
Armor: Robe              |     1 |     6 ||     7
Dodge: Dodged            |     3 |    17 ||    20

Table legend: (Time is in decaauts)
 A = Elapsed time spent in this place.
 B = Non-inter-level travel time spent in this place.
 C = Inter-level travel time spent in this place.
 D = Time resting spent in this place.
 E = Time spent auto-exploring this place.
 F = Levels seen in this place.
 G = Mean time per level.
                   A        B        C        D        E       F      G
               +--------+--------+--------+--------+--------+-----+--------+
         Total |   3482 |   3321 |    161 |    737 |   2321 |   3 | 1160.7 |
       Dungeon |   3482 |   3321 |    161 |    737 |   2321 |   3 | 1160.7 |
               +--------+--------+--------+--------+--------+-----+--------+

Top non-repeatable levels by time:
     D:2: 2162 daAuts
     D:1: 1210 daAuts
     D:3: 109 daAuts
